 Dungeon Sprint DCSS version 0.30-a0-920-g7493c07aab (webtiles) character file.

Game seed: 12216583785724932174

500 dialectric the Unseen (level 6, -1/29 HPs)
             Began as a Spriggan Brigand on Mar 21, 2023.
             Slain by a neqoxec (10 damage)
             ... in the Dungeon (Sprint II: "The Violet Keep of Menkaure").
             The game lasted 00:00:56 (140 turns).

dialectric the Unseen (Spriggan Brigand)             Turns: 140, Time: 00:00:56

Health: -1/29      AC:  3    Str:  7      XL:     6   Next: 94%
Magic:  6/6        EV: 18    Int:  8 (10) God:
Gold:   243        SH:  0    Dex: 17      Spells: 5/5 levels left

rFire   . . .      SeeInvis +    a - +2 dagger
rCold   . . .      Faith    .    (no shield)
rNeg    . . .      Spirit   .    b - +0 robe
rPois   .          Reflect  .    (helmet restricted)
rElec   .          Rampage  .    c - +0 cloak
rCorr   .          NoTele   +    (gloves unavailable)
Will    +....                    (boots unavailable)
Stlth   +++++++                  (no amulet)
HPRegen 0.24/turn                (no ring)
MPRegen 0.10/turn                (no ring)

@: unable to drink, very quick
A: very small, no large weapons, unfitting armour, see invisible, speed 3,
clumsy 1, dopey 1, frail 1, low MP 1, screaming 1, subdued magic 1, inability to
drink after injury 1, devolution 1
a: no special abilities


You were in the Dungeon.
You visited 1 branch You collected 243 gold pieces.

Inventory:

Hand Weapons
 a - a +2 dagger (weapon)
Missiles
 d - 8 poisoned darts (quivered)
Armour
 b - a +0 robe (worn)
 c - a +0 cloak (worn)
Scrolls
 k - a scroll of blinking
Potions
 g - a potion of heal wounds
 h - a potion of haste
 i - 2 potions of magic


   Skills:
 + Level 4.2 Fighting
 + Level 6.5 Short Blades
 - Level 2.9 Throwing
 + Level 3.5 Dodging
 + Level 19.3 Stealth


You had 5 spell levels left.
You didn't know any spells.
Your spell library was empty.

Dungeon Overview and Level Annotations

Branches:
Dungeon (1/1)

Altars:


Innate Abilities, Weirdness & Mutations

You are very small and have problems with some larger weapons.
You are too small for most types of armour.
You have supernaturally acute eyesight. (SInv)
You cover ground extremely quickly. (Speed+++)
You are clumsy. (Dex -2)
You are dopey. (Int -2)
You are frail. (-10% HP)
Your magical capacity is low. (-10% MP)
You occasionally shout uncontrollably at your foes.
Your spells are a little easier to cast, but a little less powerful.
You occasionally lose the ability to drink potions when taking damage.
You have hidden genetic defects.


Message History

The neqoxec closely misses you.
You hit the neqoxec but do no damage.
The neqoxec is moderately wounded.
The neqoxec closely misses you.
You barely miss the neqoxec.
The neqoxec is moderately wounded.
You hit the neqoxec.
The neqoxec is moderately wounded.
The neqoxec gestures at you.
Strange energies course through your body.
You occasionally lose the ability to drink potions when taking damage.
You hit the neqoxec.
The neqoxec is heavily wounded.
The neqoxec hits you!
You feel threatened and lose the ability to drink potions!
* * * LOW HITPOINT WARNING * * *
You closely miss the neqoxec.
The neqoxec is heavily wounded.
You closely miss the neqoxec.
The neqoxec is heavily wounded.
The neqoxec gestures at you.
Strange energies course through your body.
You feel a hidden malignance growing inside you.
You hit the neqoxec.
The neqoxec is heavily wounded.
The neqoxec misses you.
You barely miss the neqoxec.
The neqoxec is heavily wounded.
You hit the neqoxec.
The neqoxec is heavily wounded.
The neqoxec misses you.
You completely miss the neqoxec.
The neqoxec is heavily wounded.
The neqoxec misses you.
You hit the neqoxec.
The neqoxec is heavily wounded.
You hit the neqoxec but do no damage.
The neqoxec is heavily wounded.
The neqoxec hits you!
You die...

### ##
##.###+# #.#
#...##.##..#
+.##33<.'$#
#..@##.##.#
##.###+# #.#
### ##


You could see 2 neqoxecs.

Vanquished Creatures
  2 neqoxecs (D)
  4 necrophages (D)
6 creatures vanquished.

Notes
Turn   | Place    | Note
-------+----------+-------------------------------------------
     0 | D        | dialectric the Spriggan Brigand began the quest for the
                  | Orb.
     0 | D        | Reached XP level 1. HP: 10/10 MP: 2/2
     1 | D        | Noticed a necrophage
     1 | D        | Noticed a necrophage
     1 | D        | Noticed a necrophage
     1 | D        | Noticed a necrophage
     5 | D        | Killed a necrophage
     6 | D        | Reached skill level 11 in Stealth
     6 | D        | Reached XP level 2. HP: 16/16 MP: 3/3
     6 | D        | Reached XP level 3. HP: 19/19 MP: 4/4
     9 | D        | Killed a necrophage
    10 | D        | Reached skill level 13 in Stealth
    10 | D        | Reached XP level 4. HP: 23/23 MP: 5/5
    13 | D        | Killed a necrophage
    14 | D        | Reached skill level 15 in Stealth
    14 | D        | Reached XP level 5. HP: 28/28 MP: 6/6
    21 | D        | Reached skill level 16 in Stealth
    53 | D        | Noticed a neqoxec
    53 | D        | Noticed a neqoxec
    53 | D        | Noticed a neqoxec
    53 | D        | Noticed a neqoxec
    57 | D        | Gained mutation: Your spells are a little easier to cast,
                  | but a little less powerful. [a neqoxec]
    74 | D        | Gained mutation: You occasionally shout uncontrollably at
                  | your foes. [a neqoxec]
    90 | D        | Gained mutation: Your magical capacity is low. (-10% MP) [a
                  | neqoxec]
    91 | D        | Gained mutation: You are frail. (-10% HP) [a neqoxec]
    97 | D        | Gained mutation: You are dopey. (Int -2) [a neqoxec]
   102 | D        | Killed a neqoxec
   103 | D        | Reached skill level 5 in Short Blades
   103 | D        | Reached skill level 18 in Stealth
   103 | D        | Reached XP level 6. HP: 26/29 MP: 6/6
   110 | D        | Killed a neqoxec
   111 | D        | Reached skill level 19 in Stealth
   124 | D        | Gained mutation: You are clumsy. (Dex -2) [a neqoxec]
   131 | D        | Gained mutation: You occasionally lose the ability to drink
                  | potions when taking damage. [a neqoxec]
   134 | D        | Gained mutation: You have hidden genetic defects. [a
                  | neqoxec]
   140 | D        | Slain by a neqoxec

Illustrated notes

Levels and vault maps discovered:
D:        the_violet_keep_of_menkaure [sprint2_stairs_cluster_1,
          sprint2_shoproom, sprint2_temple, sprint2_basic_supplies,
          sprint2_obstacle_7, sprint2_obstacle_4, sprint2_obstacle_1,
          sprint2_obstacle_2, sprint2_obstacle_6, sprint2_timed_cluster_1,
          sprint2_smallroom_cluster_1, sprint2_smallroom_final_cluster_1,
          sprint2_transparent_cluster_1, sprint2_second_timed_cluster_1,
          sprint2_sniper_area_1, sprint2_heavy_combat_area_1,
          sprint2_mutation_trap_area_1, sprint2_forest_area_1,
          sprint2_light_combat_area_1, sprint2_behind_water_1,
          sprint2_near_end_vault_1]

Skill      XL: |  1  2  3  4  5  6 |
---------------+-------------------+-----
Fighting       | 2 3 4 |  4.2
Short Blades   | 3 4 5 6 |  6.5
Stealth        | 11 13 15 18 19 | 19.3
Dodging        | 2 3 |  3.5
Throwing       | |  2.9

Action                     |  1- 3 |  4- 6 || total
---------------------------+-------+-------++-------
  Melee: Dagger            |     6 |    62 ||    68
         Punch             |       |     2 ||     2
  Throw: Dart              |       |     4 ||     4
    Use: Potion            |     1 |     1 ||     2
   Stab: Sleeping          |       |     1 ||     1
 Armour: Robe              |       |     3 ||     3
  Dodge: Dodged            |     1 |    20 ||    21

Table legend: (Time is in decaauts)
 A = Elapsed time spent in this place.
 B = Non-inter-level travel time spent in this place.
 C = Inter-level travel time spent in this place.
 D = Time resting spent in this place.
 E = Time spent auto-exploring this place.
 F = Levels seen in this place.
 G = Mean time per level.
                   A        B        C        D        E       F      G
               +--------+--------+--------+--------+--------+-----+--------+
         Total |    116 |    116 |      0 |     31 |      0 |   1 |  116.0 |
       Dungeon |    116 |    116 |      0 |     31 |      0 |   1 |  116.0 |
               +--------+--------+--------+--------+--------+-----+--------+

Top non-repeatable levels by time:
       D: 116 daAuts
